 Dungeon Crawl Stone Soup version 0.27.1 (webtiles) character file.

Game seed: 8911026234605759173

126 acemry the Cudgeller (level 4, -2/39 HPs)
             Began as a Minotaur Fighter on Sept 3, 2021.
             Slain by a gnoll (4 damage)
             ... on level 3 of the Dungeon.
             The game lasted 00:04:13 (2423 turns).

acemry the Cudgeller (Minotaur Fighter)             Turns: 2423, Time: 00:04:13

Health: -2/39      AC:  6    Str: 22    XL:     4   Next: 84%
Magic:  3/3        EV:  9    Int:  5    God:
Gold:   162        SH:  0    Dex:  9    Spells: 3/3 levels left

rFire    . . .     SeeInvis .   a - +0 flail
rCold    + . .     Faith    .   (no shield)
rNeg     . . .     Spirit   .   b - +0 scale mail
rPois    .         Reflect  .   (helmet restricted)
rElec    .         Harm     .   (no cloak)
rCorr    .         Rampage  .   (no gloves)
Will     .....                  (no boots)
Stlth    ..........             (no amulet)
HPRegen  0.13/turn              o - ring of protection from cold
MPRegen  0.08/turn              (no ring)

@: no status effects
A: horns 2, retaliatory headbutt
a: no special abilities


You were on level 3 of the Dungeon.
You visited 1 branch of the dungeon, and saw 3 of its levels.

You collected 162 gold pieces.

Inventory:

Hand Weapons
 a - a +0 flail (weapon)
Missiles
 f - 25 arrows
 j - 15 sling bullets
 m - 24 bolts
Armour
 b - a +0 scale mail (worn)
 c - a +0 kite shield
Jewellery
 o - a ring of protection from cold (left hand)
Wands
 k - a wand of polymorph (8)
Scrolls
 g - 2 scrolls of teleportation
 l - 2 scrolls of identify {unknown}
 n - a scroll of immolation {unknown}
Potions
 d - 2 potions of might
 e - a potion of flight {unknown}
 h - a potion of heal wounds {unknown}
 i - 2 potions of curing {unknown}


   Skills:
 - Level 3.6 Fighting
 * Level 6.2 Maces & Flails
 - Level 3.6 Armour
 - Level 3.6 Shields


You had 3 spell levels left.
You didn't know any spells.
Your spell library contained the following spells:

 Spells                   Type           Power      Damage    Failure   Level
 Animate Skeleton         Necr           0%         N/A       80%         1
 Apportation              Tloc           0%         N/A       80%         1
 Corona                   Hex            0%         N/A       80%         1
 Pain                     Necr           0%         1d4       80%         1
 Sting                    Tmut/Pois      0%         1d3       80%         1
 Summon Small Mammal      Summ           0%         N/A       80%         1
 Poisonous Vapours        Pois/Air       0%         N/A       90%         2
 Vampiric Draining        Necr           0%         2d6       99%         3
 Olgreb's Toxic Radiance  Pois           0%         N/A       100%        4
 Ozocubu's Refrigeration  Ice            0%         4d5       100%        7
 Ignition                 Fire           0%         3d3       100%        8


Dungeon Overview and Level Annotations

Branches:
Dungeon (3/15)

Altars:


Innate Abilities, Weirdness & Mutations

You have a pair of horns on your head.
You reflexively headbutt those who attack you in melee.


Message History

No target in view!
You now have 162 gold pieces (gained 12).
o - a ring of protection from cold
Found a stone staircase leading up.
o - a ring of protection from cold (left hand)
Found a helmet.
Found a stone staircase leading down.
A goblin comes into view. It is wielding a +0 club.
The goblin shouts!
A goblin is nearby!
The goblin hits you with a +0 club.
You barely miss the goblin. You headbutt the goblin.
You kill the goblin!
You see here a +0 club.
A goblin and 3 gnolls come into view.
The goblin shouts!
The gnoll shouts! x2
The gnoll throws a throwing net.
The throwing net barely misses you.
You see here a throwing net.
There are monsters nearby!
There are monsters nearby!
The gnoll hits you from afar with a +0 halberd.
The gnoll hits you with a +0 halberd!
You barely miss the gnoll. You headbutt the gnoll.
The gnoll is moderately wounded.
The gnoll closely misses you. You furiously retaliate!
You headbutt the gnoll, but do no damage.
The gnoll hits you with a +0 halberd!
You hit the gnoll but do no damage.
The gnoll is lightly wounded.
The gnoll barely misses you.
You hit the gnoll. You headbutt the gnoll.
The gnoll is heavily wounded.
The gnoll hits you with a +0 halberd!
* * * LOW HITPOINT WARNING * * *
You thump the gnoll!
You kill the gnoll!
You sock the gnoll! Your headbutt misses the gnoll.
The gnoll is heavily wounded.
The gnoll hits you with a +0 whip.
You die...

################
......gg@......#
......g#######.#
....... #.#
....... #.#
....... #.#
......g #.#
..g.... #.#
....... #)# #.#


You could see 2 gnolls and a goblin.

Vanquished Creatures
  Terence (D:3)
  2 adders (D:2)
  A gnoll (D:3)
  A white imp (D:3)
  2 worms (D:2)
  10 ball pythons
  5 endoplasms
  2 giant cockroaches
  5 hobgoblins
  6 jackals (D:1)
  2 quokkas (D:1)
  5 bats
  4 frilled lizards
  3 goblins
  3 kobolds (D:3)
  9 rats
61 creatures vanquished.

Notes
Turn   | Place    | Note
-------+----------+-------------------------------------------
     0 | D:1      | acemry the Minotaur Fighter began the quest for the Orb.
     0 | D:1      | Reached XP level 1. HP: 19/19 MP: 0/0
   224 | D:1      | Reached skill level 3 in Maces & Flails
   233 | D:1      | Reached XP level 2. HP: 22/26 MP: 1/1
   586 | D:1      | Reached skill level 4 in Maces & Flails
   763 | D:1      | Reached XP level 3. HP: 30/31 MP: 2/2
   950 | D:1      | Found a faded altar of an unknown god.
  1608 | D:2      | Reached skill level 5 in Maces & Flails
  1711 | D:2      | Reached XP level 4. HP: 39/39 MP: 3/3
  2205 | D:3      | Noticed Terence
  2214 | D:3      | Killed Terence
  2215 | D:3      | Reached skill level 6 in Maces & Flails
  2421 | D:3      | HP: 1/39 [gnoll (14)]
  2423 | D:3      | Slain by a gnoll

Illustrated notes

Levels and vault maps discovered:
D:1:      dpeg_arrival_fog, layout_basic,
          shapermc_ecumenical_altar_mp_ritualfount
D:2:      minmay_diamond_boxcup, layout_basic
D:3:      layout_basic, uniq_terence

Skill      XL: |  1  2  3  4 |
---------------+-------------+-----
Maces & Flails | 3 4 5 6 |  6.2
Fighting       | |  3.6
Armour         | |  3.6
Shields        | |  3.6

Action                   |  1- 3 |  4- 6 || total
-------------------------+-------+-------++-------
Melee: Flail             |    98 |    34 ||   132
       Headbutt          |    15 |     6 ||    21
  Use: Scroll            |       |     1 ||     1
Armor: Scale mail        |    41 |    12 ||    53
Dodge: Dodged            |    56 |    18 ||    74
Block: Kite shield       |    13 |       ||    13
